 Dungeon Crawl Stone Soup version 0.30.1-9-gdf580d7c3d (webtiles) character file.

Game seed: 8157799967128136509

730 sonasty the Magician (level 7, 0/36 HPs)
             Began as a Deep Elf Fire Elementalist on Sept 29, 2023.
             Was an Initiate of Vehumet.
             Succumbed to a scorpion's poison
             ... on level 4 of the Dungeon.
             The game lasted 00:07:23 (4746 turns).

sonasty the Magician (Deep Elf Fire Elementalist)   Turns: 4746, Time: 00:07:24

Health: 0/36       AC:  5    Str:  5    XL:     7   Next: 44%
Magic:  9/19       EV: 12    Int: 24    God:    Vehumet [......]
Gold:   230        SH:  0    Dex: 10    Spells: 18/19 levels left

rFire   . . .        k - +4 dagger of Xom's Anger {flame, Will++ rCorr Int+2 Dex-5}
rCold   . . .        (no shield)
rNeg    . . .        a - +0 robe
rPois   .            q - +1 helmet
rElec   .            (no cloak)
rCorr   +            h - +0 pair of gloves
SInv    .            (no boots)
Will    ++...        (no amulet)
Stlth   ++           (no ring)
HPRegen 0.26/turn    (no ring)
MPRegen 0.16/turn

%: no passive effects
@: mighty, lethally poisoned (0 -> -6)
A: no striking features
a: Renounce Religion


You were on level 4 of the Dungeon.
You worshipped Vehumet.
Vehumet was noncommittal.
You visited 2 branches of the dungeon, and saw 5 of its levels.

You collected 230 gold pieces.

Inventory:

Hand Weapons
 k - the +4 dagger of Xom's Anger (weapon) {flame, Will++ rCorr Int+2 Dex-5}
   (You found it on level 2 of the Dungeon)

   Int:       It affects your intelligence (+2).
   Dex:       It affects your dexterity (-5).
   rCorr:     It protects you from acid and corrosion.
   Will:      It greatly increases your willpower.
Armour
 a - a +0 robe (worn)
 h - a +0 pair of gloves (worn)
 q - a +1 helmet (worn)
Jewellery
 u - a ring of magical power
Wands
 l - a wand of polymorph (5)
 r - a wand of flame (13)
Scrolls
 g - 5 scrolls of identify {unknown}
 i - a scroll of brand weapon {unknown}
 m - 2 scrolls of fear {unknown}
 o - 3 scrolls of teleportation {unknown}
 s - a scroll of blinking {unknown}
Potions
 b - 2 potions of magic
 c - a potion of brilliance {unknown}
 d - 2 potions of curing {unknown}
 e - 2 potions of mutation {unknown}
 f - 3 potions of might
 j - a potion of degeneration {unknown}
 n - 2 potions of lignification {unknown}
 p - a potion of heal wounds {unknown}
 t - a potion of haste {unknown}


   Skills:
 - Level 2.4 Dodging
 - Level 2.4 Stealth
 + Level 6.9 Spellcasting
 + Level 5.2 Conjurations
 + Level 6.2 Fire Magic


You had 18 spell levels left.
You knew the following spells:

 Your Spells              Type           Power      Damage    Failure   Level
a - Foxfire               Conj/Fire      100%       2x1d9     1%          1

Your spell library contained the following spells:

 Spells                   Type           Power      Damage    Failure   Level
 Scorch                   Fire           76%        2d8       1%          2
 Inner Flame              Hex/Fire       23%        N/A       6%          3
 Volatile Blastmotes      Fire/Tloc      46%        2d13      6%          3
 Flame Wave               Conj/Fire      35%        2d10      7%          4
 Apportation              Tloc           16%        N/A       8%          1
 Necrotise                Necr           32%        1d5       8%          1
 Summon Small Mammal      Summ           32%        N/A       8%          1
 Sublimation of Blood     Necr           8%         N/A       11%         2
 Wereblood                Tmut           8%         N/A       11%         2
 Gell's Gravitas          Tloc           8%         N/A       22%         3
 Teleport Other           Tloc           8%         N/A       22%         3
 Summon Ice Beast         Ice/Summ       8%         N/A       58%         4
 Summon Mana Viper        Hex/Summ       8%         N/A       90%         5
 Dispersal                Tloc           4%         N/A       100%        6
 Monstrous Menagerie      Summ           4%         N/A       100%        7
 Summon Hydra             Summ           4%         N/A       100%        7


Dungeon Overview and Level Annotations

Branches:
Dungeon (4/15)             Temple (1/1) D:4

Altars:
Cheibriados
Fedhas
Hepliaklqana
Kikubaaqudgha
Makhleb
Nemelex Xobeh
Trog
Vehumet
Wu Jian
Xom
Yredelemnul
Zin

Shops:
D:3 [


Message History

You conjure some foxfire!
You feel very sick.
The foxfire hits the scorpion.
The scorpion is almost dead.
The scorpion stings you.
Casting: Foxfire (safe; 1% risk of failure)
Confirm with . or Enter, or press ? or * to list all spells.
You conjure some foxfire!
You feel very sick.
The foxfire hits the scorpion but does no damage.
The scorpion is almost dead.
The scorpion stings you.
* * * LOW HITPOINT WARNING * * *
You are lethally poisoned!
The scorpion poisons you!
Casting: Foxfire (safe; 1% risk of failure)
Confirm with . or Enter, or press ? or * to list all spells.
You conjure some foxfire!
* * * LOW HITPOINT WARNING * * *
You feel very sick.
The foxfire hits the scorpion but does no damage.
The scorpion is severely wounded.
The scorpion closely misses you.
Casting: Foxfire (safe; 1% risk of failure)
Confirm with . or Enter, or press ? or * to list all spells.
You conjure some foxfire!
* * * LOW HITPOINT WARNING * * *
You feel very sick.
The foxfire hits the scorpion.
The scorpion is almost dead.
The scorpion stings you but does no damage.
You barely miss the scorpion.
The scorpion is almost dead.
* * * LOW HITPOINT WARNING * * *
You feel sick.
The foxfire hits the scorpion.
You kill the scorpion!
Vehumet accepts your kill.
It was a potion of might.
You feel very mighty all of a sudden.
You die...

#.###......###^. #.
#####.###.....###.. #.
#..........#..# .. #.
#.............# .# #.
#......##.§##.##.# #.
#......§§...§<#^.# #.
#.....###.###..### #.
#.....###.###)########## #.
#.....##<..v@).........# ###.
#.....###(###)###.#.##.# #.#.
#............)......##.###.#.
#####....###........#...##.......
..)......###.#..........######.#.
..........................####...
......#'###.##..<................
......#.###.##......#....##......
......#...................#..#..#


There were no monsters in sight!

Vanquished Creatures
  A centaur (D:4)
  An ogre (D:4)
  4 scorpions (D:4)
  A hound (D:4)
  3 orc priests (D:4)
  An iguana (D:4)
  An orc wizard (D:4)
  Ijyb (D:3)
  Robin (D:2)
  4 gnolls (D:3)
  An adder (D:4)
  2 dart slugs
  4 orcs (D:4)
  5 bats
  5 endoplasms
  4 giant cockroaches
  12 goblins
  4 hobgoblins
  6 jackals
  6 quokkas
  4 ball pythons
  A frilled lizard (D:2)
  2 kobolds
  3 rats
77 creatures vanquished.

Vanquished Creatures (collateral kills)
  A foxfire (D:4)
1 creature vanquished.

Vanquished Creatures (others)
  486 foxfires
486 creatures vanquished.

Grand Total: 564 creatures vanquished

Notes
Turn   | Place    | Note
-------+----------+-------------------------------------------
     0 | D:1      | sonasty the Deep Elf Fire Elementalist began the quest for
                  | the Orb.
     0 | D:1      | Reached XP level 1. HP: 10/10 MP: 6/6
   419 | D:1      | Reached XP level 2. HP: 15/15 MP: 0/8
  1353 | D:2      | Identified the +4 dagger of Xom's Anger {flame, Will++
                  | rCorr Int+2 Dex-5}
  1831 | D:2      | Reached XP level 3. HP: 19/19 MP: 6/10
  2152 | D:2      | Noticed Robin
  2155 | D:2      | Killed Robin
  2550 | D:3      | You fall into a shaft and drop 1 floor!
  2562 | D:4      | Reached XP level 4. HP: 24/24 MP: 1/12
  2664 | D:4      | Noticed a scorpion
  2665 | D:4      | Noticed a scorpion
  2667 | D:4      | Killed a scorpion
  2668 | D:4      | Reached XP level 5. HP: 28/28 MP: 7/14
  2810 | D:3      | Reached skill level 5 in Spellcasting
  2913 | D:3      | Noticed Ijyb
  2923 | D:3      | Killed Ijyb
  3043 | D:3      | Found Uklopt's Antique Armour Emporium.
  3403 | D:4      | Reached skill level 5 in Fire Magic
  3403 | D:4      | Reached XP level 6. HP: 29/32 MP: 11/16
  3691 | D:4      | Found a staircase to the Ecumenical Temple.
  3713 | Temple   | Entered the Ecumenical Temple
  3785 | Temple   | Became a worshipper of Vehumet
  3820 | D:4      | Reached XP level 7. HP: 25/36 MP: 8/18
  4462 | D:4      | Found a shimmering altar of Xom.
  4591 | D:4      | Reached skill level 5 in Conjurations
  4746 | D:4      | Succumbed to a scorpion's poison

Illustrated notes

Levels and vault maps discovered:
D:1:      minmay_arrival_loop, layout_basic, serial_bayou_pond_e
D:2:      layout_loops_corners, uniq_robin
D:3:      layout_rooms, serial_shops, nicolae_lakefront_shop, uniq_ijyb
D:4:      old_forge, layout_basic, mainiacjoe_overflow_tiny_flanked,
          minmay_temple_entry_stoned_glass, kennysheep_orc_chapel
Temple:   nicolae_temple_ecumenical_triangle

Skill      XL: |  1  2  3  4  5  6  7 |
---------------+----------------------+-----
Conjurations   | 2 3 4 5 |  5.2
Spellcasting   | 4 5 6 |  6.9
Fire Magic     | 4 5 6 |  6.2
Dodging        | |  2.4
Stealth        | |  2.4

Action                     |  1- 3 |  4- 6 |  7- 9 || total
---------------------------+-------+-------+-------++-------
  Melee: Dagger            |       |       |     1 ||     1
   Cast: Foxfire           |   125 |   103 |    71 ||   299
    Use: Potion            |       |       |     1 ||     1
 Armour: Robe              |     5 |     2 |     3 ||    10
  Dodge: Dodged            |     5 |    10 |     7 ||    22
